[Event "2nd Turkish League 2017"]
[Site "Konya"]
[Date "2017.07.20"]
[Round "6"]
[White "Eren, Baran"]
[Black "Dogdu, Mehmet"]
[Result "1-0"]
[ECO "A10"]
[WhiteElo "2143"]
[BlackElo "1985"]
[Annotator "NA"]
[PlyCount "108"]
[EventType "team-tourn"]
[EventCountry "TUR"]
[SourceTitle "playchess.com"]
[Source "ChessBase"]
[SourceQuality "1"]
[TimeControl "5400+30"]

1. c4 f5 2. g3 Nf6 3. Bg2 g6 4. Nc3 Bg7 5. d3 O-O 6. Rb1 d6 7. e3 Nbd7 8. Nge2 Kh8 9. O-O c6 10. b4 a6 11. a4 c5 12. Nf4 Ne5 13. b5 a5 14. b6 $14 (14. Ncd5 $16) 14... Ra6 15. Nfd5 Ne8 16. Nb5 e6 17. Nbc7 exd5 18. Nxa6 dxc4 19. dxc4 Nxc4 20. Nxc5 Nf6 21. Qb3 Qxb6 22. Qxb6 Nxb6 23. Rxb6 dxc5 24. Bxb7 Ne4 25. Bxe4 fxe4 26. Bb2 Bxb2 27. Rxb2 Ba6 28. Rc1 Rd8 29. Kg2 Rd5 30. Rb8+ Kg7 31. Ra8 Be2 32. Rxa5 Bf3+ 33. Kg1 Rd2 34. Raxc5 Ra2 35. a5 h5 36. h3 Kh7 37. Re5 Kg7 38. Re7+ Kf6 39. Ra7 Kg5 40. a6 h4 41. gxh4+ Kxh4 42. Rh7+ Bh5 43. a7 Kxh3 44. Re7 Bf3 45. Re6 g5 46. Re5 Kg4 47. Re7 Ra6 48. Rh7 Ra5 49. Kh2 Ra2 50. Rg1+ Kf5 51. Kg3 Ra6 52. Rc1 Ra2 53. Rb7 Ke6 54. Rc5 g4 1-0

[Event "2nd Turkish League 2017"]
[Site "Konya"]
[Date "2017.07.20"]
[Round "6"]
[White "Duman, Aydin"]
[Black "Kaplan, Bahadir"]
[Result "1-0"]
[ECO "B43"]
[WhiteElo "2056"]
[BlackElo "1952"]
[Annotator "NA"]
[PlyCount "63"]
[EventType "team-tourn"]
[EventCountry "TUR"]
[SourceTitle "playchess.com"]
[Source "ChessBase"]
[SourceQuality "1"]
[TimeControl "5400+30"]

1. e4 c5 2. Nf3 e6 3. d4 cxd4 4. Nxd4 a6 5. Nc3 b5 6. g3 Bb7 7. Bg2 Nf6 8. O-O b4 9. Na4 Bxe4 {[%emt 0:00:30] B43: Sicilian: Kan Variation: 5 Nc3} 10. Bxe4 Nxe4 11. Re1 d5 12. c4 (12. Qh5 Qf6 13. Be3 Nd7 14. f3 g6 15. Qg4 h5 16. Qh3 Nd6 17. Rad1 Be7 18. Nxe6 Qxe6 19. Qg2 Nf5 20. Bg5 Qc6 21. Bxe7 Nxe7 22. Qe2 O-O {0-1 (22) Jovanovic,Z (2534)-Andreikin,D (2737) Tallinn 2016}) 12... bxc3 13. Nxc3 Bc5 14. Nxe6 $146 ({Predecessor:} 14. Nxe4 dxe4 15. Be3 Be7 16. Qg4 O-O 17. Qxe4 {1-0 (57) Berger,S (2399)-Bornschein,B (2040) Berlin 2007}) 14... Bxf2+ 15. Kg2 fxe6 16. Nxe4 Bxe1 17. Qh5+ g6 18. Qe5 dxe4 19. Bg5 Qxg5 20. Qxg5 Bb4 $2 (20... O-O 21. Rxe1 Nd7 22. Rxe4 e5) 21. Qe5 O-O 22. Qxe6+ Rf7 23. Qxe4 Raa7 24. Qxb4 Rab7 25. Qa4 Rxb2+ 26. Kh3 Rff2 $2 (26... Nd7 27. Qxa6 Kg7) 27. Rc1 $18 Rxh2+ 28. Kg4 Rb5 29. Rc8+ Kf7 30. Qc4+ Ke7 31. Rxb8 Rxb8 32. Qc7+ 1-0

[Event "2nd Turkish League 2017"]
[Site "Konya"]
[Date "2017.07.20"]
[Round "6"]
[White "Buker, Muhittin"]
[Black "Yalim, Suleyman"]
[Result "1/2-1/2"]
[ECO "A32"]
[WhiteElo "2006"]
[BlackElo "2039"]
[Annotator "NA"]
[PlyCount "38"]
[EventType "team-tourn"]
[EventCountry "TUR"]
[SourceTitle "playchess.com"]
[Source "ChessBase"]
[SourceQuality "1"]
[TimeControl "5400+30"]

1. d4 Nf6 2. c4 e6 3. Nf3 c5 4. Nc3 a6 5. Bg5 cxd4 6. Nxd4 Nc6 7. Nb3 Be7 8. e4 Nxe4 9. Bxe7 Nxc3 10. Bxd8 Nxd1 11. Bf6 gxf6 12. Rxd1 Ke7 13. g3 Rb8 14. Bg2 d6 15. O-O Ne5 16. Rd4 Nc6 17. Rd2 Ne5 18. Rd4 Nc6 19. Rd2 Ne5 1/2-1/2

[Event "2nd Turkish League 2017"]
[Site "Konya"]
[Date "2017.07.20"]
[Round "6"]
[White "Ibik, Halit Yavuz"]
[Black "Acar, Utku Cengiz"]
[Result "1/2-1/2"]
[ECO "B83"]
[WhiteElo "2004"]
[BlackElo "1863"]
[Annotator "NA"]
[PlyCount "69"]
[EventType "team-tourn"]
[EventCountry "TUR"]
[SourceTitle "playchess.com"]
[Source "ChessBase"]
[SourceQuality "1"]
[TimeControl "5400+30"]

1. e4 c5 2. Nf3 e6 3. d4 cxd4 4. Nxd4 Nc6 5. Nc3 Qc7 6. Be2 Nf6 7. Be3 Be7 8. O-O O-O 9. f4 d6 10. g4 Nxd4 11. Bxd4 e5 12. Be3 exf4 13. Rxf4 Be6 14. Nd5 Bxd5 15. exd5 Nd7 16. Rf3 Bf6 $15 17. c3 Rfe8 18. Qf1 Rxe3 19. Rxe3 Qb6 20. Qf2 Bh4 21. Qxh4 Qxe3+ 22. Qf2 Qe5 23. Bf3 Re8 24. Qxa7 Nc5 25. Rf1 h5 26. gxh5 Qe3+ 27. Kh1 Qd3 28. Bg2 Re2 29. Qb8+ Kh7 30. Qxd6 Rxg2 31. Kxg2 Qe2+ 32. Kg1 Qe3+ 33. Kg2 Qe2+ 34. Kg1 Qe3+ 35. Kg2 1/2-1/2

[Event "2nd Turkish League 2017"]
[Site "Konya"]
[Date "2017.07.20"]
[Round "6"]
[White "Celik, Berkay"]
[Black "Alaz, Ahmet Efekan"]
[Result "1-0"]
[ECO "A03"]
[WhiteElo "1963"]
[BlackElo "2015"]
[Annotator "NA"]
[PlyCount "97"]
[EventType "team-tourn"]
[EventCountry "TUR"]
[SourceTitle "playchess.com"]
[Source "ChessBase"]
[SourceQuality "1"]
[TimeControl "5400+30"]

1. b3 d5 2. Bb2 Bf5 3. e3 Nd7 4. f4 Ngf6 5. Nf3 e6 6. Be2 h6 {[%emt 0:01:30] A03: Bird's Opening with 1...d5} 7. O-O Bd6 8. c4 c6 9. a3 $146 ({Predecessor:} 9. Nc3 Qc7 10. Rc1 a6 11. h3 O-O-O 12. cxd5 exd5 13. Nd4 Bh7 {1-0 (29) Romanov,A (2430)-Zhang,J (2292) Singapore 2006}) 9... O-O 10. b4 a5 11. c5 Bc7 12. Nc3 Bh7 13. d4 axb4 14. axb4 b6 15. Ne5 Nxe5 16. fxe5 Ne4 17. Bd3 Qg5 18. Rf3 Rxa1 19. Bxa1 Nxc3 20. Bxh7+ Kxh7 21. Bxc3 bxc5 22. bxc5 Qg6 23. Qa4 Rb8 24. h3 Qd3 25. e4 $1 Qb1+ 26. Kh2 dxe4 27. Rxf7 Rb7 $18 (27... Qb7 $16 {was called for.} 28. Rf4 Bd8) 28. Rf2 e3 29. Qc2+ Qxc2 30. Rxc2 Rb3 31. Kg3 Kg6 32. Kf3 Kf5 33. g3 e2 34. g4+ Kg5 35. Kxe2 Kh4 36. Kd3 Kxh3 37. Kc4 Rb7 38. Ra2 Bb8 39. Ra6 Rc7 40. Ba5 Ra7 41. Rxc6 Rxa5 42. Rxe6 Ra7 43. Rg6 Re7 44. e6 Kg3 45. d5 Kf4 46. d6 Re8 47. Kd5 h5 48. gxh5 Kf5 49. e7 1-0

[Event "2nd Turkish League 2017"]
[Site "Konya"]
[Date "2017.07.20"]
[Round "6"]
[White "Kuruz, Yusuf"]
[Black "Okay, Ilkin Ege"]
[Result "1/2-1/2"]
[ECO "A26"]
[WhiteElo "1906"]
[BlackElo "1973"]
[Annotator "NA"]
[PlyCount "55"]
[EventType "team-tourn"]
[EventCountry "TUR"]
[SourceTitle "playchess.com"]
[Source "ChessBase"]
[SourceQuality "1"]
[TimeControl "5400+30"]

1. Nf3 g6 2. c4 Bg7 3. Nc3 d6 4. g3 Nf6 5. Bg2 O-O 6. O-O Nc6 7. d3 e5 8. Bd2 h6 9. Qc1 Kh7 10. Nd1 a5 11. e4 Bg4 12. Ne3 Bxf3 13. Bxf3 Nd4 14. Qd1 Nxf3+ 15. Qxf3 Nd7 16. Rad1 Nc5 17. Bc1 Qd7 18. b3 f5 19. exf5 gxf5 20. Ng2 c6 21. Nh4 Qf7 22. Ba3 Rad8 23. Qe2 Ne6 24. Bb2 Rfe8 25. Qf3 Rf8 26. Qe2 Rfe8 27. Qf3 Rf8 28. Qe2 1/2-1/2

[Event "2nd Turkish League 2017"]
[Site "Konya"]
[Date "2017.07.20"]
[Round "6"]
[White "Yamac, Yuksel Yalcin"]
[Black "Seyhanoglu, Deniz"]
[Result "0-1"]
[ECO "A10"]
[WhiteElo "1845"]
[BlackElo "2049"]
[Annotator "NA"]
[PlyCount "170"]
[EventType "team-tourn"]
[EventCountry "TUR"]
[SourceTitle "playchess.com"]
[Source "ChessBase"]
[SourceQuality "1"]
[TimeControl "5400+30"]

1. c4 c5 2. Nc3 b6 3. g3 Bb7 4. Nf3 Bxf3 5. exf3 Nc6 6. Bg2 g6 {[%emt 0:00:00] A10: English Opening: Unusual Replies for Black} 7. f4 Bg7 8. O-O Nh6 9. Re1 Nf5 10. d3 O-O 11. Nd5 $146 ({Predecessor:} 11. Be3 e6 12. Qd2 Rc8 {0-1 (42) Amini,A (2111)-Zubarev,A (2553) Mashhad 2016}) 11... e6 12. Ne3 Nfd4 13. Rb1 Rc8 14. b3 Qc7 15. Bb2 Rfd8 16. Nc2 Qd6 17. Nxd4 Bxd4 18. Bxc6 dxc6 19. Bxd4 Qxd4 20. Re3 b5 21. Qc2 Rd7 22. Kf1 b4 23. Qb2 Qd6 24. Qe5 Qe7 25. Rbe1 Rcd8 26. f5 gxf5 27. Qxf5 Rd4 28. Re4 h6 29. h4 Qd6 30. Qg4+ Kh7 31. Rxd4 Qxd4 32. Qxd4 Rxd4 33. Re5 Rxd3 34. Rxc5 Rd2 35. Ra5 Rd7 36. Ke2 Kg6 37. Ke3 Kf6 38. Ra6 Rc7 39. Kd4 c5+ 40. Ke4 Rd7 41. Ke3 $16 Rc7 42. g4 h5 43. f3 hxg4 44. fxg4 Ke5 45. h5 f6 46. Ra5 f5 47. gxf5 Kxf5 48. h6 e5 49. Ra6 Rh7 50. Rc6 Rh8 51. Ra6 Rh7 52. Rc6 Rh8 53. Ra6 Rh7 54. Rc6 a5 55. Ra6 Rh8 56. Rc6 Rh7 57. Ra6 Rh8 58. Rc6 Rg8 59. h7 Rg3+ 60. Kf2 Rh3 61. Rxc5 Rxh7 62. Rxa5 Kf4 63. Ra8 Rh2+ 64. Ke1 Ke3 65. Kd1 e4 66. Ra7 Rh1+ 67. Kc2 Rh2+ 68. Kd1 Rd2+ 69. Ke1 Rg2 70. Kd1 Kd3 71. Rd7+ Ke3 72. Ra7 Rg1+ 73. Kc2 Rg5 74. Kd1 Rg8 75. Ra6 Rg5 76. Ra8 Rf5 77. Ra7 Rf8 78. Ra6 Kf2 79. Rh6 Rd8+ 80. Kc2 e3 81. Rh2+ Kg3 82. Re2 Kf3 83. Rh2 e2 84. Rh3+ Kg2 85. Re3 Kf2 0-1

[Event "2nd Turkish League 2017"]
[Site "Konya"]
[Date "2017.07.20"]
[Round "6"]
[White "Sahinoglu, Hakan"]
[Black "Ilhan, Huseyin"]
[Result "1-0"]
[ECO "E87"]
[WhiteElo "1835"]
[BlackElo "1750"]
[Annotator "NA"]
[PlyCount "129"]
[EventType "team-tourn"]
[EventCountry "TUR"]
[SourceTitle "playchess.com"]
[Source "ChessBase"]
[SourceQuality "1"]
[TimeControl "5400+30"]

1. d4 Nf6 2. c4 g6 3. Nc3 Bg7 4. e4 d6 5. f3 O-O 6. Be3 e5 7. d5 h5 $146 {[%emt 0:06:30] E87: King's Indian: Sämisch: 6...e5 7 d5} ({Predecessor:} 7... c6 8. Qd2 cxd5 9. cxd5 a6 10. Bd3 Nh5 11. Nge2 Nd7 12. O-O f5 13. exf5 gxf5 14. Bxf5 Rxf5 15. g4 Nb6 16. b3 Rxf3 17. Rxf3 Bxg4 18. Rf2 Nd7 19. Ne4 Ndf6 20. Nxf6+ Nxf6 21. Ng3 Qe8 {1-0 (55) Morozevich,A (2748)-Grischuk,A (2764) Beijing 2012}) 8. Qd2 a5 9. Bd3 Na6 10. Nge2 Nc5 11. Bc2 b6 12. O-O Ne8 13. a3 f5 14. exf5 gxf5 15. f4 e4 16. b4 Nb7 17. Nd4 Qe7 18. Nc6 Qf7 19. Bd4 Bxd4+ 20. Nxd4 Bd7 21. Bb3 Kh7 22. Nce2 Nf6 23. Nc2 Rg8 24. Ned4 Rg6 25. Ne3 Rag8 26. Rf2 Ng4 27. Nxg4 Rxg4 28. Re1 h4 29. Re3 axb4 30. axb4 Ra8 31. Qb2 Qg7 32. Bd1 Rg6 33. Nb3 Qxb2 34. Rxb2 Kg7 35. Ree2 Kf6 36. Ra2 Rgg8 37. Nd4 e3 38. Kf1 Rxa2 39. Rxa2 Re8 40. Bf3 h3 41. g3 e2+ 42. Nxe2 Re3 43. Kf2 Rb3 44. Ra7 Nd8 45. Rxc7 Ke7 46. Nd4 Rb2+ 47. Be2 Nf7 48. Nxf5+ Kd8 $18 49. Rxd7+ Kxd7 50. b5 Rb1 51. Bh5 Rb2+ 52. Kf3 Rxh2 53. Bxf7 Rc2 54. Be6+ Kd8 55. g4 h2 56. Ng3 Rc3+ 57. Kg2 Rxg3+ 58. Kxh2 Rc3 59. g5 Rxc4 60. g6 Rc7 61. f5 Rg7 62. Bf7 Ke7 63. Kg3 Rxf7 64. gxf7 Kxf7 65. Kg4 1-0

[Event "2nd Turkish League 2017"]
[Site "Konya"]
[Date "2017.07.20"]
[Round "6"]
[White "Turkmen, Huseyin Nafizhan"]
[Black "Ozdemir, Ali"]
[Result "1-0"]
[ECO "B21"]
[WhiteElo "1817"]
[BlackElo "1762"]
[Annotator "NA"]
[PlyCount "105"]
[EventType "team-tourn"]
[EventCountry "TUR"]
[SourceTitle "playchess.com"]
[Source "ChessBase"]
[SourceQuality "1"]
[TimeControl "5400+30"]

1. e4 c5 2. d4 cxd4 3. Nf3 g6 4. c3 d3 5. Bxd3 Bg7 6. O-O d6 7. Re1 Nf6 8. Nbd2 O-O 9. Nf1 Nc6 10. h3 b6 11. Bf4 Bb7 12. Qd2 Re8 13. Bh6 Bh8 14. Rad1 Qc7 15. Qg5 Nd7 16. Nh4 Nce5 17. Bc2 Nc4 18. Bb3 Bf6 19. Qg3 Nf8 20. Bc1 Kh8 21. Nh2 Rad8 22. Ng4 Bg7 23. Nh6 e5 24. Nf3 b5 25. Qh4 f6 26. Ng4 Qf7 27. Ne3 g5 28. Qg3 Bxe4 29. Nxc4 bxc4 30. Ba4 Bxf3 31. Bxe8 Qxe8 32. Qxf3 Qe6 33. Qd5 Kg8 34. Re4 Qxd5 35. Rxd5 Ne6 36. Rxc4 Nf4 37. Bxf4 gxf4 38. Rc6 Bf8 39. Rc7 Rb8 40. b3 Re8 41. f3 f5 42. Rxa7 e4 43. Kf2 Be7 44. fxe4 Bh4+ 45. Kf3 fxe4+ 46. Kg4 h5+ 47. Kxh4 e3 48. Rg5+ Kh8 49. Rxh5+ Kg8 50. Rhh7 e2 51. Rag7+ Kf8 52. Rh8+ Kxg7 53. Rxe8 1-0

[Event "2nd Turkish League 2017"]
[Site "Konya"]
[Date "2017.07.20"]
[Round "6"]
[White "Simsek, Meltem"]
[Black "Keskin, Suara"]
[Result "1-0"]
[ECO "A24"]
[WhiteElo "1752"]
[BlackElo "1716"]
[Annotator "NA"]
[PlyCount "83"]
[EventType "team-tourn"]
[EventCountry "TUR"]
[SourceTitle "playchess.com"]
[Source "ChessBase"]
[SourceQuality "1"]
[TimeControl "5400+30"]

1. c4 Nf6 2. Nc3 g6 3. g3 Bg7 4. Bg2 d6 5. Nf3 O-O 6. O-O c6 7. Rb1 e5 8. d3 a5 9. b3 h6 10. Bb2 Na6 11. e3 Nh7 12. Re1 f5 13. d4 e4 14. Nd2 Nb4 15. Bf1 g5 16. a3 Nd3 17. Bxd3 exd3 18. f4 Re8 19. Nf1 gxf4 20. gxf4 Qh4 21. Qxd3 Nf6 22. Re2 Kh7 23. Rg2 Ng4 24. Nd1 Rg8 25. Bc3 Bf6 26. Qe2 Be6 27. Be1 Qh5 28. Ng3 Qh3 29. Qd3 Kh8 30. d5 cxd5 31. cxd5 Bd7 32. Rc1 Raf8 33. Rc7 Rf7 34. Rxb7 Rfg7 35. Qf1 Kh7 36. Rc2 Qh4 37. h3 Nxe3 38. Nxe3 Bd4 39. Kh1 Bxe3 40. Rcc7 Be8 41. Rxg7+ Rxg7 42. Rxg7+ 1-0

[Event "2nd Turkish League 2017"]
[Site "Konya"]
[Date "2017.07.20"]
[Round "6"]
[White "Ceylan, Sezer"]
[Black "Cannesar, Rad"]
[Result "1/2-1/2"]
[ECO "B60"]
[WhiteElo "1714"]
[BlackElo "1979"]
[Annotator "NA"]
[PlyCount "89"]
[EventType "team-tourn"]
[EventCountry "TUR"]
[SourceTitle "playchess.com"]
[Source "ChessBase"]
[SourceQuality "1"]
[TimeControl "5400+30"]

1. e4 c5 2. Nf3 d6 3. d4 cxd4 4. Nxd4 Nf6 5. Nc3 Nc6 6. Bg5 Bd7 7. Bc4 Qb6 8. Bxf6 gxf6 9. Nb3 Ne5 10. Nd5 Qd8 11. Be2 Bh6 12. f4 Ng6 13. g3 f5 14. Qd4 O-O 15. h4 Bg7 16. Qe3 e6 17. Nc3 Bxc3+ 18. Qxc3 fxe4 19. h5 Ne7 20. Rh4 f6 21. O-O-O Nf5 22. Rh2 d5 23. g4 Rc8 24. Qd2 Ng3 25. Rg1 Nxe2+ 26. Rxe2 Qb6 27. Ree1 Ba4 28. Kb1 Bxb3 29. cxb3 Rc7 30. g5 f5 31. h6 d4 32. g6 e3 33. Qd3 Rd7 34. b4 Qc6 35. gxh7+ Kxh7 36. Rg7+ Rxg7 37. hxg7 Rd8 38. Qf1 Qe4+ 39. Ka1 Kxg7 40. Rc1 Rd7 41. Qg1+ Kf7 42. Rc8 Ke7 43. Qg7+ Kd6 44. Qf8+ Re7 45. Qd8+ 1/2-1/2

[Event "2nd Turkish League 2017"]
[Site "Konya"]
[Date "2017.07.20"]
[Round "6"]
[White "Koc, Dogan Mehmet"]
[Black "Kerem, Halil Ozgun"]
[Result "0-1"]
[ECO "A17"]
[WhiteElo "1712"]
[BlackElo "2074"]
[Annotator "NA"]
[PlyCount "94"]
[EventType "team-tourn"]
[EventCountry "TUR"]
[SourceTitle "playchess.com"]
[Source "ChessBase"]
[SourceQuality "1"]
[TimeControl "5400+30"]

1. d4 Nf6 2. c4 e6 3. g3 d5 4. cxd5 exd5 5. Bg2 Bd6 6. Nc3 c6 7. Bg5 h6 8. Bxf6 Qxf6 9. Nf3 O-O 10. O-O Bf5 11. a3 Nd7 12. b4 Qe7 13. Qb3 a6 14. Na4 Qxe2 15. Nc5 Bxc5 16. bxc5 b5 17. cxb6 Rab8 18. b7 Qb5 19. Qc3 Qxb7 20. Rfc1 Rfc8 21. Nh4 Be6 22. f4 Nf6 23. Bf1 Ne4 24. Qd3 Qb2 25. Be2 Rb3 26. Rcb1 Rxd3 27. Rxb2 Rxd4 28. Bxa6 Rc7 29. a4 Nc5 30. Nf3 Rxa4 31. Rxa4 Nxa4 32. Rb8+ Kh7 33. Bd3+ g6 34. Ne5 Nc5 35. Kf2 Nd7 36. Nxd7 Bxd7 37. Kf3 h5 38. Ke3 c5 39. Rb6 Be6 40. Rb1 d4+ 41. Kd2 c4 42. Be4 Ra7 43. Rb5 Ra2+ 44. Kc1 Rxh2 45. Bd5 Bxd5 46. Rxd5 d3 47. Rd4 Rc2+ 0-1

[Event "2nd Turkish League 2017"]
[Site "Konya"]
[Date "2017.07.20"]
[Round "6"]
[White "Kahya, Gizem"]
[Black "Bayrak, Asli"]
[Result "0-1"]
[ECO "C47"]
[WhiteElo "1634"]
[BlackElo "2056"]
[Annotator "NA"]
[PlyCount "88"]
[EventType "team-tourn"]
[EventCountry "TUR"]
[SourceTitle "playchess.com"]
[Source "ChessBase"]
[SourceQuality "1"]
[TimeControl "5400+30"]

1. e4 e5 2. Nf3 Nc6 3. Nc3 Nf6 4. Be2 d5 5. exd5 Nxd5 6. d3 {[%emt 0:01:30] C47: Scotch Four Knights and Four Knights with 4 g3} (6. O-O Nxc3 7. bxc3 e4 8. Ne1 Bd6 9. f3 Bf5 10. fxe4 Bxe4 11. Bf3 Qe7 12. d4 O-O 13. Rb1 b6 14. Nd3 Rae8 15. Bf4 Bxf4 16. Nxf4 Na5 17. Bxe4 Qxe4 18. Qd3 c6 19. a4 Re7 20. h3 Rfe8 21. Kh2 h6 {½-½ (21) Nisipeanu,L (2669)-Dubov,D (2644) Gjakova 2016}) 6... Be7 7. O-O Be6 8. a3 O-O 9. Bd2 f5 10. Nxd5 Bxd5 11. Bc3 Bf6 $146 ({Predecessor:} 11... Qd6 12. d4 exd4 13. Nxd4 Rad8 {0-1 (34) Gaudet,R-Johnson,R WCCF email 2000}) 12. h3 Qe8 13. Nh2 Rd8 14. Qe1 Qg6 15. Bf3 e4 16. dxe4 Bxc3 17. Qxc3 fxe4 18. Be2 e3 19. f3 Be6 20. Bc4 Rd2 21. Bxe6+ Qxe6 22. Ng4 Nd4 23. Qxe3 Ne2+ 24. Kh2 Qd6+ 25. Qe5 Qxe5+ ({Of course not} 25... Rxc2 $6 26. Qxd6 cxd6 27. Ne3 $11) 26. Nxe5 Nf4 27. Rg1 Rf5 28. Nd3 Nxd3 29. cxd3 Rxf3 ({Of course not} 29... Rxd3 30. Rge1 $11) 30. Rac1 c6 31. Kh1 Rfxd3 $19 32. Rc3 Rxc3 33. bxc3 Rd3 34. Rb1 b6 35. Rb3 Kf7 36. a4 Ke6 37. a5 b5 38. Kg1 Kd5 39. Kf2 Kc4 40. Rb4+ Kxc3 41. Re4 Rd7 42. a6 b4 43. Re8 b3 44. Rc8 Rd6 0-1

[Event "2nd Turkish League 2017"]
[Site "Konya"]
[Date "2017.07.20"]
[Round "6"]
[White "Ilkbahar, Nimet Seray"]
[Black "Baloglu, Dila"]
[Result "1-0"]
[ECO "B07"]
[WhiteElo "1618"]
[BlackElo "1379"]
[Annotator "NA"]
[PlyCount "23"]
[EventType "team-tourn"]
[EventCountry "TUR"]
[SourceTitle "playchess.com"]
[Source "ChessBase"]
[SourceQuality "1"]
[TimeControl "5400+30"]

1. e4 d6 2. d4 Nf6 3. Nd2 g6 4. Ngf3 Bg7 5. Be2 O-O 6. O-O Nbd7 7. a4 c5 8. c3 Re8 9. Qc2 Qc7 10. Qb3 e6 11. Re1 Rb8 12. Nc4 1-0

[Event "2nd Turkish League 2017"]
[Site "Konya"]
[Date "2017.07.20"]
[Round "6"]
[White "Catal, Uktenur"]
[Black "Ozsoy, Damla"]
[Result "1-0"]
[ECO "D02"]
[WhiteElo "1613"]
[BlackElo "1490"]
[Annotator "NA"]
[PlyCount "83"]
[EventType "team-tourn"]
[EventCountry "TUR"]
[SourceTitle "playchess.com"]
[Source "ChessBase"]
[SourceQuality "1"]
[TimeControl "5400+30"]

1. d4 d5 2. Nf3 Nf6 3. Bf4 c5 4. e3 Nc6 5. c3 Qb6 6. Qb3 c4 7. Qc2 Bf5 8. Qc1 h6 9. h3 e6 10. Nbd2 Qd8 11. Be2 Bd6 12. Bxd6 Qxd6 13. b3 b5 14. a4 a6 15. axb5 Ne7 16. bxc4 dxc4 17. Nxc4 Qc7 18. Rxa6 Rxa6 19. bxa6 O-O 20. O-O Ned5 21. Nfd2 Ra8 22. Qa3 Bg6 23. Ra1 Nd7 24. Rc1 Nb8 25. Ne5 Bh7 26. e4 Nf6 27. Bd3 Qc8 28. Qe7 Qf8 29. Qxf8+ Kxf8 30. Ra1 Ke7 31. f3 Ne8 32. Nb3 f6 33. Ng4 Nc7 34. Nc5 Bg6 35. Ne3 Be8 36. Nc4 Bd7 37. a7 Nc6 38. Nb6 Rd8 39. Ncxd7 Rxd7 40. Nxd7 Kxd7 41. a8=Q Nxa8 42. Rxa8 1-0

[Event "2nd Turkish League 2017"]
[Site "Konya"]
[Date "2017.07.20"]
[Round "6"]
[White "Sahin, Hatice"]
[Black "Turkkan, Ece"]
[Result "1-0"]
[ECO "A41"]
[WhiteElo "1560"]
[BlackElo "1532"]
[Annotator "NA"]
[PlyCount "175"]
[EventType "team-tourn"]
[EventCountry "TUR"]
[SourceTitle "playchess.com"]
[Source "ChessBase"]
[SourceQuality "1"]
[TimeControl "5400+30"]

1. e4 d6 2. d4 g6 3. Nf3 Bg7 4. c4 Nd7 5. Bd3 e5 6. dxe5 dxe5 7. O-O Ne7 8. Nc3 O-O 9. Bg5 c6 10. Qd2 Nc5 11. Rad1 Bg4 12. Qe3 Nxd3 13. Rxd3 Qc7 14. h3 Be6 15. b3 f6 16. Bh6 Bxh6 17. Qxh6 Rad8 18. Rfd1 Rxd3 19. Rxd3 Rd8 20. Qd2 Rxd3 21. Qxd3 Qd7 22. Qxd7 Bxd7 23. Ne1 b6 24. Nc2 Kf7 25. f3 Ke6 26. Kf2 Nc8 27. Ke2 Nd6 28. Ke3 Nb7 29. Kd3 Nc5+ 30. Ke3 a5 31. Kd2 Kd6 32. Ke3 Bc8 33. Kd2 Ba6 34. Na3 Ke6 35. Ke3 Kd6 36. Kd2 Ne6 37. g3 Ng5 38. Ke3 Nxh3 39. f4 Bc8 40. Na4 Kc7 41. Nb2 Kd6 42. Na4 Kc7 43. Nb2 Kd6 44. Na4 Kc7 45. Nb2 exf4+ 46. gxf4 g5 47. fxg5 fxg5 48. Nd1 Nf4 49. Nf2 h5 50. Nc2 h4 51. Nd4 Ne6 52. Nf5 Nf8 53. Kf3 Ng6 54. Kg4 Bxf5+ 55. exf5 Nf8 56. Kxg5 Kd6 57. Kxh4 Ke5 58. Kg4 Nh7 59. Nd3+ Kf6 60. Kf4 Ng5 61. Nf2 Nh7 62. Ng4+ Ke7 63. Ke5 c5 64. f6+ Kd7 65. Kf5 Nf8 66. Ne5+ Kd6 67. Ng6 Ne6 68. f7 Ng7+ 69. Kg5 Ne6+ 70. Kf6 Kd7 71. f8=Q Nxf8 72. Nxf8+ Kc6 73. Ke6 b5 74. cxb5+ Kxb5 75. Kd5 a4 76. Nd7 Kb4 77. Nxc5 axb3 78. axb3 Kc3 79. Kc6 Kb4 80. Kb6 Kc3 81. Kb5 Kd4 82. b4 Kd5 83. Nb3 Kd6 84. Ka6 Kc6 85. b5+ Kc7 86. Ka7 Kc8 87. b6 Kd8 88. b7 1-0

[Event "2nd Turkish League 2017"]
[Site "Konya"]
[Date "2017.07.20"]
[Round "6"]
[White "Koc, Aylin"]
[Black "Demir, Aleyna"]
[Result "0-1"]
[ECO "B01"]
[WhiteElo "1550"]
[BlackElo "1439"]
[Annotator "NA"]
[PlyCount "92"]
[EventType "team-tourn"]
[EventCountry "TUR"]
[SourceTitle "playchess.com"]
[Source "ChessBase"]
[SourceQuality "1"]
[TimeControl "5400+30"]

1. e4 d5 2. exd5 Qxd5 3. Nc3 Qa5 4. d4 c6 5. Nf3 Bg4 6. Bc4 e6 7. O-O Nf6 8. Re1 Qc7 9. Qd3 Bxf3 10. Qxf3 Nbd7 11. Bf4 Bd6 12. Bxd6 Qxd6 13. Rad1 Nb6 14. Bb3 O-O-O 15. a4 Qb4 16. Na2 Qa5 17. Nc3 Qb4 18. a5 Nbd5 19. a6 Rd7 20. axb7+ Qxb7 21. Na4 Rdd8 22. Nc5 Qb6 23. Bc4 Nc7 24. Ra1 Rxd4 25. Na4 Qb7 26. b3 Ncd5 27. Qg3 Rg4 28. Qf3 Rf4 29. Qd3 Nb4 30. Qd6 Rf5 31. c3 Na6 32. Bxa6 Qxa6 33. Nc5 Qb6 34. Ra6 Rd8 35. Rxb6 Rxd6 36. Nb7 Rd2 37. Rb4 Rfxf2 38. Nd6+ Kc7 39. Nxf7 Rxg2+ 40. Kh1 Rxh2+ 41. Kg1 Rdg2+ 42. Kf1 Nd5 43. Rc4 Rg3 44. Rce4 Nxc3 45. Rxe6 Nd5 46. Ne5 Ne3+ 0-1

[Event "2nd Turkish League 2017"]
[Site "Konya"]
[Date "2017.07.21"]
[Round "7"]
[White "Rzayev, Bahruz"]
[Black "Oz, Ozan"]
[Result "1-0"]
[ECO "A33"]
[WhiteElo "2386"]
[BlackElo "1849"]
[Annotator "NA"]
[PlyCount "87"]
[EventType "team-tourn"]
[EventCountry "TUR"]
[SourceTitle "playchess.com"]
[Source "ChessBase"]
[SourceQuality "1"]
[TimeControl "5400+30"]

1. Nf3 e6 2. g3 c5 3. Bg2 Nc6 4. O-O Nf6 5. b3 Be7 6. Bb2 $11 O-O 7. c4 b6 8. d4 cxd4 9. Nxd4 Bb7 10. Nc3 a6 11. Rc1 Qc7 12. Nd5 Qd8 13. Nxe7+ Qxe7 14. Qd2 Rfd8 15. Rfd1 Rac8 16. Qe3 Ng4 17. Nxc6 Bxc6 18. Qxb6 Bxg2 19. Kxg2 Qg5 20. h3 Nf6 21. Bxf6 Qxf6 22. Rc2 Rc6 23. Qb7 Rcc8 24. Qxa6 h5 25. Qd6 h4 26. Qf4 Qg6 27. Rcd2 hxg3 28. fxg3 d5 29. cxd5 exd5 30. Rxd5 Re8 31. R1d2 Qc6 32. Qf3 Qc1 33. Rd7 Rf8 34. e4 Qe1 35. Re2 Qa1 36. Rf2 Rc3 37. Rd1 Rc1 38. Rxc1 Qxc1 39. Qd3 Rc8 40. Qd5 Rc7 41. e5 Kh7 42. e6 f6 43. Qe4+ g6 44. e7 1-0

[Event "2nd Turkish League 2017"]
[Site "Konya"]
[Date "2017.07.21"]
[Round "7"]
[White "Ozturk, Emir"]
[Black "Dogdu, Mehmet"]
[Result "1-0"]
[ECO "E46"]
[WhiteElo "2202"]
[BlackElo "1985"]
[Annotator "NA"]
[PlyCount "95"]
[EventType "team-tourn"]
[EventCountry "TUR"]
[SourceTitle "playchess.com"]
[Source "ChessBase"]
[SourceQuality "1"]
[TimeControl "5400+30"]

1. d4 Nf6 2. c4 e6 3. Nc3 Bb4 4. e3 O-O 5. Nge2 d5 6. a3 Be7 7. cxd5 Nxd5 {[%emt 0:01:30] LiveBook: 251 Games} 8. Bd2 Nf6 9. g3 Nc6 10. Bg2 e5 11. d5 $11 Na5 12. Qa4 b6 13. O-O Bd7 14. Qc2 Nc4 15. Bc1 Nd6 16. b3 Rc8 17. Bb2 c6 18. Qd2 c5 19. e4 Nb7 20. Nd1 Bd6 21. Ne3 Na5 22. Nc1 Qc7 23. Bc3 Ng4 24. Nd1 f5 25. exf5 Bxf5 26. h3 Nh6 27. g4 Bg6 28. Ne3 Rf4 29. Bxa5 bxa5 30. Ne2 Rcf8 31. Nc4 R4f7 32. Ng3 Qe7 33. Rac1 Rf4 34. Ne2 Rxc4 35. Rxc4 Nf7 36. Qe3 Qh4 37. f4 h6 38. f5 Bh7 39. Nc3 Be7 40. Qf2 Qf6 41. Ne4 Qb6 42. Qe3 Nd6 43. Nxd6 Qxd6 44. Re1 Qb6 45. Qxe5 Bd6 46. Qc3 Kh8 47. Re6 Bg8 48. Rxh6+ 1-0